 Dungeon Crawl Stone Soup version 0.28.0-43-g3370ac3207 (webtiles) character file.

Game seed: 5591374929292979394

158 smarlow the Ducker (level 5, -8/37 HPs)
             Began as a Djinni Fire Elementalist on Mar 1, 2022.
             Mangled by Crazy Yiuf
             ... wielding a +4 quarterstaff of chaos
              (20 damage)
             ... on level 3 of the Dungeon.
             The game lasted 00:08:26 (4452 turns).

smarlow the Ducker (Djinni Fire Elementalist)       Turns: 4452, Time: 00:08:27

Health: -8/37      AC:  3    Str:  7    XL:     5   Next: 66%
Gold:   132        EV: 13    Int: 19    God:
                   SH:  0    Dex: 13

rFire   + + +      SeeInvis .   (no weapon)
rCold   x . .      Faith    .   (no shield)
rNeg    . . .      Spirit   .   a - +0 robe
rPois   ∞          Reflect  .   (no helmet)
rElec   .          Harm     .   (no cloak)
rCorr   .          Rampage  .   j - +0 pair of gloves
Will    .....                   (boots unavailable)
Stlth   ++........              (no amulet)
HPRegen 0.12/turn               k - ring of protection from fire
MPRegen 0.00/turn               (no ring)

@: flying
A: sickness immunity, fire resistance 2, cold vulnerability 1, float, innate
caster, HP casting, extra vitality 1
a: no special abilities


You were on level 3 of the Dungeon.
You visited 1 branch of the dungeon, and saw 3 of its levels.

You collected 132 gold pieces.

Inventory:

Armour
 a - a +0 robe (worn)
 j - a +0 pair of gloves (worn)
Jewellery
 k - a ring of protection from fire (left hand)
Scrolls
 d - 3 scrolls of fear
 e - a scroll of torment
 f - a scroll of brand weapon {unknown}
 l - a scroll of vulnerability {unknown}
 m - a scroll of fog {unknown}
Potions
 b - 2 potions of curing {unknown}
 g - 2 potions of heal wounds
 h - 2 potions of lignification {unknown}
 i - a potion of attraction {unknown}
 n - a potion of brilliance {unknown}
 o - a potion of haste {unknown}


   Skills:
 + Level 1.6 Fighting
 + Level 3.4 Dodging
 + Level 2.6 Stealth
 * Level 3.3 Spellcasting


You couldn't memorise any spells.
You knew the following spells:

 Your Spells              Type           Power      Damage    Failure   Level
a - Foxfire               Conj/Fire      64%        2x1d7     3%          1
b - Scorch                Fire           32%        2d7       5%          2
c - Conjure Flame         Conj/Fire      16%        6-21      11%         3
d - Inner Flame           Hex/Fire       16%        N/A       11%         3
e - Flame Wave            Conj/Fire      16%        2d6       36%         4
f - Slow                  Hex            64%        N/A       3%          1
g - Passwall              Tmut/Erth      13%        N/A       5%          2
Your spell library was empty.

Dungeon Overview and Level Annotations

Branches:
Dungeon (3/15)

Altars:

Annotations:
D:3 Crazy Yiuf


Innate Abilities, Weirdness & Mutations

You are immune to sickness and miasma.
You are immune to poison.
Your flesh is very heat resistant. (rF++)
You are vulnerable to cold. (rC-)
You float through the air rather than walking.
You learn spells naturally, not from books.
Your magical power is your life essence.
You have superior vitality. (+4 MHP)


Message History

Your foxfire dissipates! x2
You now have 114 gold pieces (gained 18).
You now have 132 gold pieces (gained 18).
An endoplasm comes into view.
The endoplasm quivers.
You conjure some foxfire!
The endoplasm hits you.
Casting: Foxfire (safe; 3% risk of failure)
Confirm with . or Enter, or press ? or * to list all spells.
Flames lash the endoplasm.
You kill the endoplasm!
Your foxfire dissipates!
Your foxfire dissipates!
Found a flail.
You see here a staff of death.
You see here a +0 club.
You see here a +0 club.
You see here a staff of death.
Crazy Yiuf shouts!
Crazy Yiuf whimpers, "Ten mumblescurry spinner!"
Press: ? - help, v - describe, . - travel, g - get item Item here: a mace.
The floor.
You reach down and open the door.
Crazy Yiuf hits you with a +4 quarterstaff of chaos!
Crazy Yiuf freezes you.
Casting: Scorch (safe; 5% risk of failure)
Confirm with . or Enter, or press ? or * to list all spells.
Flames lash Crazy Yiuf.
Crazy Yiuf is moderately wounded.
Crazy Yiuf's fire resistance burns away.
Crazy Yiuf closely misses you.
Casting: Scorch (safe; 5% risk of failure)
Confirm with . or Enter, or press ? or * to list all spells.
Flames lash Crazy Yiuf.
Crazy Yiuf is burned terribly!
Crazy Yiuf is severely wounded.
Crazy Yiuf laughs, "Fire green hog!"
Crazy Yiuf hits you with a +4 quarterstaff of chaos!
You are electrocuted!!
Ouch! That really hurt!
You die...

#....########
#....# #...#
♣....♣ #...#
♣...♣♣ #...#
♣♣.♣♣ #...#
♣.♣♣ #...#
♣♣.♣ #...# ###
♣.♣♣ #...#
####.. ♣♣@♣
#...###.....
#g#
#...'.#.....
...
#...#.#.....
#...#
#####.#.....
#..)#
#....#.....
#####
##.#######.#
#..........#
#####
####.#########
#.#.#
#..)..<#......


You could see Crazy Yiuf (combustible).

Vanquished Creatures
  Robin (D:2)
  6 adders
  A worm (D:2)
  3 dart slugs
  6 bats
  6 endoplasms
  A giant cockroach (D:1)
  15 goblins
  8 hobgoblins
  10 jackals
  7 kobolds
  3 quokkas
  7 ball pythons
  A frilled lizard (D:1)
  3 rats
78 creatures vanquished.

Vanquished Creatures (others)
  192 foxfires
192 creatures vanquished.

Grand Total: 270 creatures vanquished

Notes
Turn   | Place    | Note
-------+----------+-------------------------------------------
     0 | D:1      | smarlow the Djinni Fire Elementalist began the quest for
                  | the Orb.
     0 | D:1      | Reached XP level 1. HP: 15/15 MP: 0/0
    35 | D:1      | Found a faded altar of an unknown god.
   346 | D:1      | Reached XP level 2. HP: 18/21 MP: 0/0
   774 | D:1      | Reached XP level 3. HP: 23/25 MP: 0/0
   774 | D:1      | Learned a level 1 spell: Slow
  1888 | D:2      | Reached XP level 4. HP: 28/31 MP: 0/0
  2145 | D:2      | Reached skill level 1 in Fighting
  2365 | D:2      | Noticed Robin
  2371 | D:2      | Killed Robin
  2637 | D:2      | Reached XP level 5. HP: 30/37 MP: 0/0
  2637 | D:2      | Learned a level 2 spell: Passwall
  3948 | D:3      | Found a runed translucent door.
  3949 | D:3      | Noticed Crazy Yiuf
  4452 | D:3      | Mangled by Crazy Yiuf

Illustrated notes

Levels and vault maps discovered:
D:1:      dpeg_arrival_rooms_c, layout_basic,
          hellmonk_ecumenical_altar_arch_garden
D:2:      layout_basic, dk_noncrumbling_2, due_unseen_surprise, uniq_robin
D:3:      layout_basic, uniq_crazy_yiuf_cottage

Skill      XL: |  1  2  3  4 |
---------------+-------------+-----
Stealth        | 2 |  2.6
Dodging        | 3 |  3.4
Spellcasting   | 3 |  3.3
Fighting       | 1 |  1.6

Action                   |  1- 3 |  4- 6 || total
-------------------------+-------+-------++-------
 Cast: Foxfire           |    67 |    62 ||   129
       Scorch            |     2 |    35 ||    37
       Passwall          |       |     2 ||     2
  Use: Scroll            |       |     3 ||     3
Armor: Robe              |       |     4 ||     4
Dodge: Dodged            |     4 |    12 ||    16
